Map: Frozen Temple

Players

Stephano

  • Race: Zerg Zerg
  • League: Master

Miszu - Winner!

  • Race: Terran Terran
  • League: Master

VOD

Have the link to the VOD?

Description

Time

  • Played on: April 13, 2016, 4:48 p.m.
  • Length: 29:37
Show
View Real Time Build Order
Export as new Build Order

Stephano Zerg 

Build Orders: Hatch First 

Get SALT Encoding   

  12  0:01  Drone  
  13  0:12  Overlord  
  13  0:18  Drone  
  14  0:31  Drone x2  
  14  0:34  Drone  
  17  0:54  Drone, Hatchery  
  17  0:57  Drone  
  18  1:12  Spawning Pool  
  18  1:15  Drone  
  18  1:17  Drone  
  19  1:30  Drone  
  20  1:39  Drone  
  21  1:43  Hatchery  
  20  1:59  Zergling x2  
  20  2:01  Zergling x2  
  22  2:05  Queen  
  22  2:06  Queen  
  26  2:13  Overlord  
  26  2:19  Drone x2  
  28  2:34  Drone x2  
  28  2:36  Overlord  
  30  2:41  Queen  
  30  2:43  Queen  
  34  2:48  Drone x2  
  36  2:56  Drone  
  36  2:57  Drone  
  38  2:59  Drone  
  38  3:00  Drone  
  38  3:05  Queen  
  42  3:09  Overlord  
  42  3:13  Drone  
  42  3:19  Drone x2  
  46  3:20  Drone x2  
  46  3:23  Extractor x2  
  46  3:26  Drone x2  
  47  3:29  Overlord  
  47  3:31  Drone  
  47  3:33  Overlord  
  48  3:45  Drone x2  
  50  3:52  Drone x2  
  50  3:53  Drone x3  
  50  3:54  Drone x2  
  50  3:55  Drone x2  
  59  3:56  Drone x2  
  59  3:59  Drone  
  62  4:04  Queen  
  62  4:09  Metabolic Boost  
  64  4:12  Spine Crawler  
  64  4:14  Evolution Chamber  
  64  4:16  Evolution Chamber  
  61  4:21  Drone x2  
  61  4:23  Zergling x2  
  61  4:24  Zergling x6  
  67  4:34  Drone x2  
  67  4:37  Zergling x2  
  67  4:38  Zergling x8  
  74  4:45  Zergling x10  
  71  4:56  Zergling x2  
  71  4:57  Zergling x8  
  71  4:58  Spore Crawler  
  68  5:03  Queen, Spore Crawler  
  68  5:04  Queen  
  63  5:15  Drone x3  
  63  5:16  Drone x2  
  63  5:18  Zerg Melee Weapons Level 1, Zerg Ground Armor Level 1  
  67  5:29  Spore Crawler  
  67  5:35  Drone x5  
  69  5:36  Drone x2  
  69  5:42  Drone x2  
  71  5:43  Drone x3  
  71  5:47  Drone x2  
  68  6:00  Drone x2  
  68  6:01  Drone x2  
  69  6:07  Queen  
  69  6:08  Lair  
  71  6:11  Queen  
  71  6:13  Zergling x2  
  71  6:15  Overlord x4  
  72  6:26  Drone x2  
  73  6:39  Drone x6  
  79  6:40  Drone x2  
  79  6:45  Zergling x2, Hatchery  
  79  6:46  Zergling x14  
  88  7:02  Zergling x12  
  94  7:14  Drone x3, Hatchery  
  96  7:16  Zerg Melee Weapons Level 2  
  96  7:21  Zergling x8  
  100  7:26  Zergling x8  
  100  7:27  Zerg Ground Armor Level 2  
  104  7:32  Extractor  
  104  7:34  Zergling x6  
  106  7:42  Overlord x2  
  106  7:54  Hatchery  
  106  7:57  Zergling x14  
  112  8:12  Hatchery  
  105  8:20  Hatchery  
  105  8:26  Zergling x24  
  105  8:27  Zergling x8  
  108  8:35  Overseer  
  108  8:37  Drone x2  
  101  8:43  Zergling x2  
  101  8:44  Zergling x16  
  98  8:56  Infestation Pit  
  98  8:57  Queen  
  98  8:59  Zergling x16  
  105  9:03  Spore Crawler x2  
  105  9:07  Spore Crawler  
  105  9:09  Spore Crawler  
  101  9:13  Zergling x12  
  82  9:24  Zergling x2  
  82  9:25  Zergling x18  
  86  9:39  Zergling x2  
  86  9:40  Zergling x6  
  89  9:50  Zergling x8  
  89  9:51  Overseer  
  90  9:53  Queen x2, Drone x3  
  90  9:56  Drone x3  
  90  9:58  Drone x3  
  95  10:07  Zergling x2  
  95  10:08  Zergling x10  
  95  10:11  Drone x3  
  95  10:12  Drone x3  
  95  10:23  Zergling x10  
  95  10:26  Queen  
  95  10:29  Spore Crawler  
  95  10:31  Drone  
  95  10:32  Drone, Spore Crawler  
  95  10:33  Spore Crawler, Drone  
  95  10:34  Drone x3  
  100  10:36  Drone x3, Spore Crawler x2  
  100  10:41  Hatchery  
  100  10:44  Zergling x2  
  100  10:45  Zergling x10  
  100  10:47  Hive, Queen  
  101  11:01  Spore Crawler x2, Drone x3  
  102  11:10  Spore Crawler  
  100  11:13  Spore Crawler  
  100  11:15  Spore Crawler  
  100  11:18  Spore Crawler, Drone x2  
  103  11:24  Pneumatized Carapace  
  100  11:31  Zergling x18  
  100  11:32  Zergling x2  
  109  11:34  Spore Crawler  
  108  11:41  Spore Crawler  
  108  11:42  Spore Crawler  
  99  11:47  Zergling x2  
  99  11:48  Zergling x18  
  101  12:00  Spore Crawler  
  101  12:01  Drone x9, Spore Crawler  
  101  12:02  Spore Crawler  
  100  12:18  Zergling x22  
  105  12:27  Adrenal Glands  
  105  12:28  Zerg Melee Weapons Level 3, Zerg Ground Armor Level 3  
  105  12:29  Viper x4  
  107  12:30  Viper  
  107  12:32  Overseer  
  115  12:49  Drone x3  
  118  12:53  Zergling x8  
  118  12:54  Zergling x22  
  118  12:55  Zergling x2  
  134  13:05  Queen  
  134  13:23  Drone x7, Spore Crawler  
  139  13:41  Drone  
  139  13:42  Drone  
  139  13:46  Spore Crawler  
  140  13:49  Drone x3  
  140  13:50  Spire  
  140  13:55  Zergling x6  
  145  13:56  Overlord  
  145  13:57  Overlord x3  
  145  14:08  Drone x3  
  145  14:09  Drone  
  145  14:15  Zergling x14  
  145  14:16  Zergling x34  
  167  14:42  Zergling x30  
  174  14:58  Zergling x10  
  174  14:59  Overlord x3  
  177  15:00  Overlord  
  177  15:05  Zerg Flyer Armor Level 1  
  166  15:24  Zergling x8, Hatchery  
  166  15:25  Zergling x52  
  178  15:32  Viper  
  178  15:33  Viper x3  
  176  15:46  Spore Crawler x4  
  176  15:47  Spore Crawler  
  171  15:50  Spore Crawler  
  147  16:09  Drone x4  
  147  16:10  Drone x3  
  146  16:15  Spore Crawler  
  146  16:17  Spore Crawler  
  146  16:18  Spore Crawler x2  
  137  16:22  Spore Crawler  
  119  16:28  Pathogen Glands  
  119  16:30  Extractor  
  118  16:34  Extractor  
  117  16:40  Extractor  
  117  16:41  Extractor  
  117  16:46  Drone x13  
  129  16:47  Drone  
  129  16:51  Spore Crawler x2  
  129  16:52  Spore Crawler x3  
  124  16:54  Extractor  
  124  16:59  Zergling x30  
  124  17:00  Zergling x12  
  143  17:14  Spore Crawler  
  141  17:22  Zergling x2  
  131  17:23  Zergling x28  
  144  17:37  Zerg Flyer Armor Level 2  
  144  17:41  Hatchery  
  115  18:15  Zergling x12  
  115  18:16  Zergling x42  
  115  18:17  Zergling x12  
  145  18:27  Infestor x5  
  119  19:03  Queen x2  
  119  19:06  Drone x2  
  119  19:07  Drone  
  122  19:13  Zergling x2  
  122  19:14  Zergling x30  
  138  19:22  Infestor x3  
  138  19:23  Infestor x2  
  148  19:30  Neural Parasite  
  137  20:01  Spine Crawler  
  137  20:02  Drone x2  
  137  20:03  Drone x3  
  139  20:19  Drone  
  139  20:20  Drone x7  
  128  20:35  Drone  
  128  20:36  Drone x2  
  129  20:52  Spore Crawler  
  129  20:53  Spore Crawler  
  129  20:55  Spore Crawler  
  125  20:57  Drone x4  
  129  21:05  Drone x2  
  129  21:06  Drone  
  128  21:30  Drone x4  
  129  21:39  Infestor x3  
  130  21:40  Infestor x3  
  130  21:45  Drone x2  
  137  22:07  Drone x3  
  140  22:10  Spore Crawler  
  138  22:21  Zergling x2  
  138  22:22  Zergling x54  
  166  22:23  Zergling x6  
  169  22:48  Hatchery  
  86  23:23  Zergling x10  
  86  23:24  Zergling x32  
  97  23:40  Zergling x12  
  97  23:41  Zergling x2  
  86  23:52  Zergling x6  
  86  23:53  Zergling x8  
  82  24:09  Drone x4  
  90  24:10  Drone x8  
  83  24:41  Infestor x2  
  83  24:42  Infestor x2  
  84  24:56  Drone x3  
  87  25:05  Drone x3  
  90  25:17  Hatchery  
  89  25:25  Zergling x18  
  89  25:26  Zergling x6  
  91  26:12  Drone x5  
  91  26:13  Drone x2  
  93  26:21  Drone  
  93  26:22  Drone x2  
  88  26:26  Zergling x40  
  100  26:47  Drone x8  
  101  27:32  Drone x3  
  99  27:45  Viper x2  
  99  27:47  Infestor x4  
  83  28:08  Zergling x12  
  83  28:09  Zergling x32  
  99  28:21  Zergling x14  
  94  28:34  Zergling x18  
  75  28:43  Zergling x2  
  75  28:44  Zergling x6  
Show
View Real Time Build Order
Export as new Build Order

Miszu Terran - Winner!

Build Orders: Reaper Expand, Hellion Banshee 

Get SALT Encoding   

  12  0:00  SCV  
  13  0:13  SCV  
  14  0:17  Supply Depot  
  14  0:25  SCV  
  15  0:39  SCV  
  15  0:40  Barracks  
  16  0:44  Refinery  
  16  0:51  SCV  
  17  1:03  SCV  
  18  1:16  SCV  
  19  1:27  Reaper  
  19  1:28  Orbital Command  
  20  1:41  Command Center  
  20  1:50  Supply Depot  
  20  1:53  SCV  
  21  1:58  Marine  
  22  2:06  SCV  
  23  2:15  Factory  
  23  2:16  Refinery  
  23  2:18  SCV  
  23  2:20  Barracks Reactor  
  24  2:35  SCV  
  24  2:47  SCV  
  25  2:59  Starport, SCV  
  25  3:02  Orbital Command  
  28  3:05  Hellion  
  28  3:06  Hellion, Barracks Tech Lab  
  28  3:11  SCV  
  31  3:23  SCV  
  31  3:24  Armory  
  34  3:27  Hellion x2  
  34  3:32  SCV  
  37  3:35  SCV  
  37  3:37  Supply Depot  
  38  3:43  Cloaking Field  
  38  3:44  SCV  
  38  3:47  SCV  
  40  3:49  Hellion  
  40  3:50  Hellion  
  44  3:56  SCV  
  44  3:59  SCV, Banshee  
  44  4:01  Supply Depot  
  49  4:09  SCV  
  50  4:12  SCV  
  50  4:13  Hellion  
  53  4:21  SCV  
  53  4:23  Supply Depot, Hellion  
  56  4:24  SCV  
  57  4:35  Hellion  
  59  4:44  Hellion  
  57  4:58  Banshee  
  57  4:59  SCV  
  62  5:00  SCV  
  62  5:06  Refinery x2  
  62  5:08  Starport  
  62  5:09  Starport  
  62  5:10  Command Center  
  62  5:11  SCV  
  62  5:12  SCV  
  56  5:17  Hellion x2  
  60  5:23  SCV  
  60  5:24  SCV  
  62  5:31  Fusion Core  
  62  5:35  SCV  
  62  5:40  SCV  
  64  5:47  SCV  
  65  5:56  Hellion  
  69  5:57  Hellion  
  69  5:59  SCV  
  69  6:00  SCV  
  68  6:05  Starport Tech Lab  
  68  6:09  Starport Reactor  
  69  6:11  SCV  
  69  6:16  Banshee  
  69  6:17  Supply Depot  
  69  6:18  Supply Depot  
  72  6:20  Command Center  
  72  6:22  Terran Ship Weapons Level 1  
  72  6:25  SCV  
  73  6:33  Hellion x2  
  73  6:34  SCV x2  
  79  6:40  SCV, Banshee  
  79  6:41  Hyperflight Rotors  
  79  6:46  Liberator, SCV  
  84  6:51  Orbital Command  
  84  6:52  Hellion x8, SCV  
  84  6:53  Supply Depot  
  84  6:54  Liberator  
  85  6:58  SCV  
  85  7:00  Engineering Bay  
  86  7:04  SCV  
  86  7:07  Banshee  
  93  7:13  SCV  
  97  7:16  SCV  
  97  7:19  Orbital Command  
  98  7:24  Banshee  
  98  7:29  Hi-Sec Auto Tracking, Liberator  
  101  7:30  Supply Depot  
  101  7:31  Supply Depot  
  101  7:32  Refinery  
  101  7:36  Liberator  
  101  7:50  Refinery  
  104  7:52  Liberator, Banshee  
  110  7:59  Supply Depot  
  110  8:02  Supply Depot  
  110  8:03  SCV x2  
  110  8:04  Supply Depot  
  112  8:06  SCV  
  116  8:15  SCV x2  
  116  8:18  SCV  
  95  8:27  SCV x2  
  95  8:30  SCV  
  95  8:32  Orbital Command  
  95  8:34  Liberator  
  95  8:35  Liberator  
  95  8:39  SCV x2  
  91  8:51  SCV x2, Banshee  
  102  8:58  SCV  
  103  9:03  SCV x2  
  103  9:09  Banshee  
  105  9:10  SCV  
  105  9:15  SCV x2  
  108  9:20  Liberator x2  
  108  9:22  SCV  
  95  9:27  SCV  
  95  9:28  SCV  
  95  9:34  Banshee  
  95  9:35  SCV  
  102  9:39  SCV  
  102  9:40  SCV  
  102  9:42  Hellion x2  
  100  9:47  SCV  
  100  9:51  SCV  
  100  9:52  SCV, Banshee  
  100  9:58  Refinery  
  100  9:59  Refinery, SCV  
  97  10:04  Hellion, SCV x2  
  101  10:11  SCV  
  102  10:16  SCV x2  
  102  10:17  Banshee  
  97  10:23  SCV  
  97  10:28  SCV x2  
  89  10:30  Planetary Fortress  
  89  10:35  SCV, Banshee  
  92  10:40  SCV x2  
  92  10:41  Liberator x2  
  94  10:47  SCV  
  95  10:52  SCV x2  
  94  10:59  SCV  
  101  11:04  SCV x2  
  100  11:11  SCV  
  100  11:16  SCV x2  
  103  11:23  SCV x2  
  105  11:27  Banshee  
  108  11:40  SCV x3  
  108  11:46  SCV  
  108  11:52  SCV x3  
  103  11:56  Terran Ship Weapons Level 2  
  103  11:57  Command Center  
  103  11:58  SCV  
  104  12:03  Banshee  
  104  12:04  SCV x3  
  107  12:10  SCV, Banshee  
  107  12:11  Supply Depot, Hellion x2  
  107  12:13  Liberator  
  112  12:16  SCV x3  
  112  12:20  Advanced Ballistics  
  112  12:22  SCV  
  108  12:29  SCV x3  
  110  12:30  Refinery x2  
  110  12:32  Hellion x2  
  110  12:34  SCV  
  118  12:41  SCV x3  
  121  12:46  SCV  
  121  12:49  Banshee  
  125  12:52  Liberator  
  125  12:53  SCV x3  
  125  12:54  Hellion  
  131  12:58  SCV  
  131  13:02  Liberator  
  131  13:05  SCV  
  132  13:09  SCV x2, Banshee  
  132  13:10  SCV  
  141  13:16  Liberator  
  141  13:17  SCV  
  145  13:21  SCV  
  145  13:26  SCV  
  147  13:31  Supply Depot  
  147  13:32  Supply Depot  
  147  13:34  SCV x2  
  152  13:35  Liberator x2  
  149  13:45  Liberator  
  149  13:47  Factory  
  149  13:49  Armory  
  149  13:51  SCV x4  
  159  13:59  Liberator  
  159  14:03  SCV x4  
  159  14:04  Missile Turret  
  166  14:15  SCV x4  
  166  14:16  Refinery  
  170  14:18  Terran Ship Weapons Level 3  
  170  14:20  Planetary Fortress  
  170  14:27  SCV  
  170  14:30  Factory Tech Lab  
  171  14:32  Starport  
  171  14:34  Starport  
  171  14:47  Terran Vehicle And Ship Armor Level 1  
  171  14:49  Hellion, SCV  
  171  14:50  Starport  
  171  14:57  Liberator  
  171  15:03  Liberator  
  171  15:08  Refinery  
  171  15:13  Supply Depot  
  171  15:14  Supply Depot  
  171  15:15  Hellion, SCV x3  
  171  15:18  Command Center  
  171  15:19  Supply Depot, SCV  
  179  15:24  Starport Tech Lab  
  179  15:27  SCV x2  
  152  15:30  Hellion, Infernal Pre-Igniter  
  152  15:31  SCV  
  152  15:34  SCV  
  150  15:38  Supply Depot  
  150  15:39  SCV  
  150  15:41  Supply Depot  
  146  15:43  SCV  
  146  15:44  Hellion x2  
  146  15:46  SCV  
  151  15:51  Viking, SCV  
  151  15:52  Hellion  
  151  15:55  SCV  
  157  16:03  SCV, Orbital Command  
  142  16:05  Hellion  
  142  16:08  Hellion  
  138  16:13  Hellion  
  139  16:20  SCV  
  139  16:21  SCV  
  129  16:26  Hellion  
  129  16:29  Hellion  
  129  16:30  SCV  
  134  16:33  SCV x2  
  134  16:35  Hellion  
  138  16:43  SCV  
  138  16:45  SCV x2  
  141  16:55  SCV  
  141  16:57  SCV  
  143  17:08  Hellbat x2, Cyclone  
  147  17:13  SCV  
  147  17:14  Hellion x2, SCV  
  143  17:25  SCV  
  143  17:26  Planetary Fortress  
  143  17:28  SCV  
  143  17:29  Hellion, SCV  
  136  17:38  SCV  
  136  17:40  SCV  
  136  17:41  SCV  
  139  17:50  SCV  
  140  17:52  SCV  
  140  17:53  SCV  
  142  18:02  SCV  
  142  18:05  SCV x3  
  132  18:11  Hellion x2  
  132  18:12  Hellion  
  131  18:14  SCV  
  131  18:17  SCV x2  
  131  18:18  SCV  
  135  18:26  SCV  
  136  18:29  SCV x2  
  136  18:30  SCV  
  139  18:37  Hellion x3  
  139  18:38  SCV  
  139  18:41  SCV x2  
  148  18:42  SCV  
  147  18:50  SCV  
  147  18:53  SCV x2  
  147  18:54  SCV  
  139  18:58  Hellion x2  
  139  18:59  Hellion  
  139  19:02  SCV  
  146  19:05  SCV x2  
  146  19:06  SCV  
  147  19:14  SCV  
  146  19:17  Refinery x2, SCV x2  
  146  19:18  SCV  
  146  19:19  Hellion x2  
  146  19:20  Hellion  
  146  19:21  Refinery  
  146  19:23  Refinery  
  155  19:26  SCV  
  155  19:29  SCV x2  
  155  19:30  SCV  
  159  19:39  SCV  
  159  19:41  Hellion x3, SCV x2  
  159  19:42  SCV  
  166  19:51  SCV  
  157  19:53  SCV  
  157  19:54  SCV x2  
  158  20:00  Factory, Terran Vehicle And Ship Armor Level 2, Terran Vehicle Weapons Level 1  
  158  20:01  Factory  
  158  20:02  Hellion x2  
  158  20:03  Hellion, SCV  
  158  20:05  SCV  
  158  20:06  SCV x2  
  165  20:15  SCV  
  165  20:18  Missile Turret  
  160  20:24  Hellion x3  
  157  20:45  Hellion x2  
  157  20:46  Hellion  
  163  20:50  Hellion x2  
  163  20:56  Command Center  
  164  20:58  Supply Depot  
  164  21:06  Hellion x2  
  164  21:07  Hellion  
  165  21:12  Hellion x2  
  165  21:13  Liberator x2  
  165  21:14  Liberator x3  
  165  21:15  Liberator  
  165  21:21  SCV x2  
  157  21:28  Hellion x3  
  173  21:33  Hellion x2  
  173  21:34  SCV x2  
  173  21:39  Command Center  
  179  21:51  Hellion x2  
  180  21:56  Liberator  
  180  22:03  SCV x2  
  177  22:13  Cyclone  
  177  22:33  Hellbat  
  179  22:45  Cyclone  
  178  23:05  Liberator x3  
  171  23:08  Hellion  
  171  23:11  Hellion  
  173  23:17  Cyclone  
  167  23:21  Hellion x2  
  180  23:30  Hellion  
  180  23:32  Hellion  
  180  23:35  Liberator x2  
  174  23:42  Hellion  
  174  23:43  Hellion  
  174  23:49  Cyclone  
  174  23:51  Hellion  
  174  23:54  Hellion  
  179  24:04  Hellion  
  181  24:16  Hellion x6  
  178  24:20  Refinery  
  178  24:21  Refinery x2, Cyclone  
  172  24:25  Hellion x3  
  164  24:41  Planetary Fortress  
  164  24:42  Orbital Command  
  145  24:46  Hellion x2  
  145  24:53  Siege Tank  
  148  25:02  Liberator  
  148  25:03  Liberator  
  148  25:08  Hellion x2  
  152  25:18  Refinery, Hellion  
  152  25:19  Hellion  
  152  25:20  Missile Turret  
  162  25:21  Missile Turret  
  162  25:24  Missile Turret  
  162  25:26  Hellion  
  164  25:29  Hellion x2  
  168  25:40  Hellion x2  
  154  25:46  Missile Turret  
  154  25:47  Hellion, Missile Turret  
  156  25:50  Hellion x2  
  156  25:52  SCV x3  
  160  26:01  Hellion x2  
  161  26:08  Widow Mine  
  163  26:12  Hellion x2  
  167  26:23  Hellion x2  
  167  26:33  Hellion x2  
  167  26:37  Hellion  
  173  26:44  Hellion x2  
  174  26:57  Liberator  
  174  26:58  Cyclone  
  174  26:59  Planetary Fortress  
  177  27:02  Hellion x2  
  177  27:05  Hellion  
  177  27:06  Hellion, Terran Vehicle Weapons Level 2  
  185  27:08  Liberator  
  185  27:23  Hellion  
  186  27:31  Cyclone  
  165  28:03  Cyclone  
  165  28:09  Hellion x2  
  165  28:10  Hellion x2  
  167  28:21  Command Center  
  157  28:31  Hellion x4  
  161  28:35  Cyclone  
  161  28:37  Medivac x4  
  158  28:52  Hellion  
Tags
 
Add a new tag
Caveats
  • Supply blocks, unpowered buildings, or Contaminate may cause inaccurate times.
  • Supply counts are checked every 10 seconds.